 Dungeon Crawl Stone Soup version 0.26-a0-541-g3b3d21e777 (webtiles) character file.

Game seed: 3012908673322602264

9 BeastOfSaturn the Skirmisher (level 2, -2/24 HPs)
             Began as a Demonspawn Fighter on Aug 16, 2020.
             Slain by a rat (3 damage)
             ... on level 1 of the Dungeon.
             The game lasted 00:00:48 (179 turns).

BeastOfSaturn the Skirmisher (Demonspawn Fighter)    Turns: 179, Time: 00:00:48

Health: -2/24      AC:  0    Str: 16    XL:     2   Next: 3%
Magic:  2/2        EV: 11    Int:  9    God:
Gold:   27         SH:  0    Dex: 12    Spells: 1/1 levels left

rFire    . . .     SeeInvis .   (no weapon)
rCold    . . .     Faith    .   (no shield)
rNeg     . . .     Spirit   .   (no armour)
rPois    .         Reflect  .   (no helmet)
rElec    .         Harm     .   (no cloak)
rCorr    .                      (no gloves)
MR       .....                  (no boots)
Stlth    +.........             (no amulet)
HPRegen  0.08/turn              (no ring)
MPRegen  0.08/turn              (no ring)

@: no status effects
A: claws 1
a: no special abilities


You were on level 1 of the Dungeon.
You visited 1 branch of the dungeon, and saw 1 of its levels.

You collected 27 gold pieces.

Inventory:

Hand Weapons
 a - a +0 long sword
Armour
 b - a +0 scale mail
 c - a +0 kite shield
Potions
 d - a potion of might
 e - 2 potions of heal wounds {unknown}


   Skills:
 * Level 3.2 Fighting
 * Level 1.9 Long Blades
 * Level 2.9 Armour
 * Level 0.1 Dodging
 - Level 2.6 Shields


You had one spell level left.
You didn't know any spells.
Your spell library was empty.

Dungeon Overview and Level Annotations

Branches:
Dungeon (1/15)

Altars:


Innate Abilities, Weirdness & Mutations

You have sharp fingernails.


Message History

Keep disrobing?
You start removing your armour.
You continue taking off your +0 kite shield.
You block the kobold's attack. You block the rat's attack.
You continue taking off your +0 kite shield.
You block the kobold's attack. You block the rat's attack.
You continue taking off your +0 kite shield.
The kobold hits you. The rat bites you.
You continue taking off your +0 kite shield.
You block the kobold's attack. The rat completely misses you.
You finish taking off your +0 kite shield.
The kobold hits you. The rat barely misses you. The kobold hits you.
* * * LOW HITPOINT WARNING * * *
The rat bites you.
* * * LOW HITPOINT WARNING * * *
The kobold barely misses you. The rat bites you.
* * * LOW HITPOINT WARNING * * *
The kobold barely misses you. The rat bites you.
You die...

♣.♣ ♣.♣ .... ♣.♣ .###
... . ♣.♣
....######..##.. ♣.♣
... ............... ♣.♣
.... .......#..... ♣.♣#
...# #...........
.####.. #..rK......
.##..##.#####..@†......
#.#
.........#..?.......
..# #.......(........##
### #.......##........#
### ###.....##.....#...
..## ##...........# ..
#..#######..........# #
##..##.....†##....#...
###.##.###...........#


You could see a kobold and a rat.

Vanquished Creatures
  A leopard gecko (D:1)
  A goblin (D:1)
  2 hobgoblins (D:1)
  2 bats (D:1)
  A rat (D:1)
7 creatures vanquished.

Notes
Turn   | Place    | Note
-------+----------+-------------------------------------------
     0 | D:1      | BeastOfSaturn the Demonspawn Fighter began the quest for
                  | the Orb.
     0 | D:1      | Reached XP level 1. HP: 18/18 MP: 1/1
   164 | D:1      | Gained mutation: You have sharp fingernails. [demonic
                  | ancestry]
   164 | D:1      | Reached XP level 2. HP: 23/24 MP: 2/2
   178 | D:1      | HP: 1/24 [rat (1)]
   179 | D:1      | Slain by a rat

Illustrated notes

Levels and vault maps discovered:
D:1:      eino_arrival_tree_alley, layout_rooms

Action                   || total
-------------------------++-------
Melee: Long sword        ||    31
Armor: Scale mail        ||    23
Dodge: Dodged            ||    26
Block: Kite shield       ||    25
       Rpst.: Long sword ||     2

Table legend: (Time is in decaauts)
 A = Elapsed time spent in this place.
 B = Non-inter-level travel time spent in this place.
 C = Inter-level travel time spent in this place.
 D = Time resting spent in this place.
 E = Time spent auto-exploring this place.
 F = Levels seen in this place.
 G = Mean time per level.
                   A        B        C        D        E       F      G
               +--------+--------+--------+--------+--------+-----+--------+
         Total |    190 |    190 |      0 |      0 |    112 |   1 |  190.0 |
       Dungeon |    190 |    190 |      0 |      0 |    112 |   1 |  190.0 |
               +--------+--------+--------+--------+--------+-----+--------+

Top non-repeatable levels by time:
     D:1: 190 daAuts
